 Dungeon Crawl Stone Soup version 0.29.1-1-gd02db6906a (webtiles) character file.

Game seed: 12960906835315467078

95632 porpoise the Impaler (level 16, -4/129 HPs)
             Began as a Formicid Abyssal Knight on Oct 3, 2022.
             Was the Champion of Lugonu.
             Slain by a bone dragon (14 damage)
             ... summoned by Lugonu's corruption
             ... on level 3 of the Spider Nest on Oct 4, 2022.
             The game lasted 02:02:54 (29830 turns).

porpoise the Impaler (Formicid Abyssal Knight)     Turns: 29830, Time: 02:02:55

Health: -4/129     AC: 17    Str: 31      XL:     16   Next: 64%
Magic:  15/25      EV: 19    Int:  4 (5)  God:    Lugonu [******]
Gold:   1444       SH: 10    Dex: 19 (21) Spells: 15/15 levels left

rFire   + . .      SeeInvis +   a - +6 glaive (venom)
rCold   + . .      Faith    .   K - +2 buckler
rNeg    . . .      Spirit   .   e - +1 swamp dragon scales
rPois   +          Reflect  .   (helmet unavailable)
rElec   +          Harm     .   i - scarf {rC+ rF+}
rCorr   .          Rampage  .   R - +2 pair of gloves of Vlad {rElec Str+2}
Will    +....                   P - +2 pair of boots {Stlth+}
Stlth   ++........              E - amulet of regeneration
HPRegen 1.11/turn               j - ring of Nobility {Str+5 Int-5 Dex+5 SInv}
MPRegen 0.19/turn               g - +4 ring of evasion

@: no status effects
A: permanent stasis, dig shafts and tunnels, antennae 3, four strong arms
a: Dig, Shaft Self, Renounce Religion, Depart the Abyss, Bend Space, Banish,
Corrupt, Enter the Abyss, Brand Weapon With Distortion


You were on level 3 of the Spider Nest.
You worshipped Lugonu.
Lugonu was exalted by your worship.
You visited 3 branches of the dungeon, and saw 23 of its levels.
You visited the Abyss 1 time.
You also visited: Gauntlet.

You collected 2193 gold pieces.
You spent 749 gold pieces at shops.

Inventory:

Hand Weapons
 a - a +6 glaive of venom (weapon)
 b - a +3 longbow
 W - a +2 trident of flaming
Missiles
 J - 3 boomerangs of dispersal (quivered)
Armour
 e - +1 swamp dragon scales (worn)
 i - a scarf of resistance (worn)
 K - a +2 buckler (worn)
 P - a +2 pair of boots of stealth (worn)
 R - the +2 pair of gloves of Vlad (worn) {rElec Str+2}
   (You found it in a Gauntlet)

   Str:       It affects your strength (+2).
   rElec:     It insulates you from electricity.
Jewellery
 g - a +4 ring of evasion (right hand)
 j - the ring of Nobility (left hand) {Str+5 Int-5 Dex+5 SInv}
   (You found it in a Gauntlet)

   [ring of see invisible]

   Str:       It affects your strength (+5).
   Int:       It affects your intelligence (-5).
   Dex:       It affects your dexterity (+5).
   SInv:      It lets you see invisible.
 E - an amulet of regeneration (around neck)
Wands
 h - a wand of acid (18)
 s - a wand of flame (29)
 t - a wand of roots (22)
 u - a wand of mindburst (6)
 C - a wand of polymorph (4)
 F - a wand of charming (4)
Scrolls
 c - a scroll of magic mapping
 l - 2 scrolls of enchant weapon
 n - 3 scrolls of identify
 q - 5 scrolls of fog
 y - a scroll of summoning
 A - 9 scrolls of vulnerability
 S - 4 scrolls of fear
Potions
 d - 3 potions of heal wounds
 f - 2 potions of resistance
 k - a potion of cancellation
 m - 2 potions of attraction
 r - a potion of ambrosia
 z - 3 potions of lignification
 B - 5 potions of curing
 H - 3 potions of might
 I - a potion of invisibility


   Skills:
 + Level 12.9 Fighting
 + Level 18.4 Polearms
 - Level 9.0 Armour
 - Level 7.0 Dodging
 + Level 11.6 Shields
 - Level 12.0 Invocations
 - Level 9.0 Evocations


You had 15 spell levels left.
You didn't know any spells.
Your spell library contained the following spells:

 Spells                   Type           Power      Damage    Failure   Level
 Foxfire                  Conj/Fire      0%         2x1d4     65%         1
 Sting                    Tmut/Pois      0%         1d3       65%         1
 Ensorcelled Hibernation  Hex/Ice        0%         N/A       78%         2
 Poisonous Vapours        Pois/Air       0%         N/A       78%         2
 Scorch                   Fire           0%         2d5       78%         2
 Static Discharge         Conj/Air       0%         3-3/arc   78%         2
 Dazzling Flash           Conj/Hex       0%         N/A       95%         3
 Lesser Beckoning         Tloc           0%         N/A       95%         3
 Spider Form              Tmut/Pois      0%         N/A       95%         3
 Tukima's Dance           Hex            0%         N/A       95%         3
 Anguish                  Hex/Necr       0%         N/A       100%        4
 Animate Armour           Summ/Erth      0%         N/A       100%        4
 Leda's Liquefaction      Hex/Erth       0%         N/A       100%        4
 Olgreb's Toxic Radiance  Pois           0%         N/A       100%        4
 Passage of Golubria      Tloc           0%         N/A       100%        4
 Blade Hands              Tmut           0%         N/A       100%        5
 Lee's Rapid Deconstruct  Erth           0%         3d5*      100%        5
 Lightning Bolt           Conj/Air       0%         1d11      100%        5
 Manifold Assault         Tloc           0%         N/A       100%        5
 Summon Forest            Summ/Tloc      0%         N/A       100%        5
 Summon Mana Viper        Hex/Summ       0%         N/A       100%        5
 Yara's Violent Unravell  Hex/Tmut       0%         3d3       100%        5
 Iron Shot                Conj/Erth      0%         9d1       100%        6
 Statue Form              Tmut/Erth      0%         N/A       100%        6
 Summon Cactus Giant      Summ           0%         N/A       100%        6
 Maxwell's Capacitive Co  Air            0%         ∞         100%        8
 Blink                    Tloc           Unusable   N/A       N/A         2

Dungeon Overview and Level Annotations

Branches:
Dungeon (15/15)            Temple (0/1) D:5            Lair (5/5) D:8
 Shoals (0/4) Lair:3       Spider (2/4) Lair:3        Slime (0/5) Lair:5
    Orc (0/2) D:9          Vaults (0/5) D:14         Depths (0/4) D:15
Gauntlet (visited)

Altars:
Dithmenos
Elyvilon
Gozag
Kikubaaqudgha
Makhleb
Qazlal
Sif Muna
Yredelemnul
Jiyva

Shops:
D:4 *   D:5 (   D:6 (   D:10 (   D:12 :?[=[   D:14 [

Annotations:
D:11 6 transporters
Lair:5 2 transporters, FastidiousMonk's ghost, journeyman MiBe
Spider:2 Jorgrun
Spider:3 corrupted, Mlioglotl


Innate Abilities, Weirdness & Mutations

You cannot be hasted, slowed, berserked, paralysed or teleported.
You can dig through walls and to a lower floor.
You have a pair of large antennae on your head. (SInv)
Your four strong arms can wield two-handed weapons with a shield.


Message History

You hit the bone dragon but do no damage.
The black mamba bites the boulder beetle.
Aizul closely misses the quasit.
The ufetubus hits Aizul.
The ufetubus closely misses Aizul.
The thrashing horror misses Aizul.
The thrashing horror tramples Aizul.
Aizul holds her ground!
The vampire hits Mlioglotl but does no damage.
The vampire barely misses Mlioglotl.
You block the bone dragon's attack. x2
The bone dragon tramples you.
* * * LOW HITPOINT WARNING * * *
You stumble backwards!
A jumping spider and a starspawn tentacle come into view.
The raiju bites the boulder beetle but does no damage.
The starcursed mass touches Aizul!
Aizul dies!
The quasit barely misses the bone dragon.
The quasit claws the bone dragon but does no damage. x2
The demonic crawler shrieks in warning!
The boulder beetle bites the black mamba!
The black mamba bites the boulder beetle but does no damage.
You are no longer terrified.
The starspawn tentacle constricts the jumping spider.
The jumping spider pounces on the starspawn tentacle!
The starspawn tentacle is destroyed!
Something hits the boulder beetle!!
The boulder beetle dies!
The jumping spider's many legs skitter faintly.
You hear a skittering sound.
You hear a faint skittering sound.
Reach: a) +6 glaive (venom)
Press: ? - help, Dir - move target, f - bone dragon
Aim: a bone dragon (summoned, about 12% to evade your +6 glaive of venom)
You hit the bone dragon but do no damage.
The black mamba disappears in a puff of smoke!
The quasit bites the bone dragon but does no damage.
The quasit claws the bone dragon but does no damage.
The quasit barely misses the bone dragon.
The bone dragon writhes in pain as voices assail its mind.
A starcursed mass splits.
The vampire hits something.
The vampire closely misses something.
You block the bone dragon's attack. The bone dragon claws you!
You die...

.#. #.........#.#
. ...##.#..#.....#
.. ...#..#.X#....
.#.#.#.#.X{X.#.#
#.....#.{{Xx5.# .
..§X..#XXX5####.
#xh##5S5X...#
..{#.@DX.3#
.sx..W..##.s......
....#...h.3.Vb...#
.#......#..{X....?
#....#..#..#....#
#.#........#..##..
.#...#.#.##.......
.... .#.#...##.. .
. . . ...


You could see a bone dragon (summoned), a jumping spider, 3 neutral starcursed
masses, a neutral tentacled starspawn (summoned, distracted), a neutral demonic
crawler (summoned, distracted), a neutral thrashing horror (summoned), a neutral
mana viper (summoned, distracted), a neutral worldbinder (summoned, distracted),
2 neutral raiju, a neutral neqoxec (summoned, distracted), a neutral vampire
(summoned, distracted), a neutral wraith (summoned, distracted), 2 neutral small
abominations, a neutral fire bat (summoned), 2 neutral quasits and 2 neutral
ufetubi.

Vanquished Creatures
  Frances (D:12)
  An emperor scorpion (Spider:1)
  A ghost moth (Spider:2)
  An entropy weaver (Spider:1)
  A minotaur (Gauntlet)
  4 boulder beetles
  A rakshasa (D:15)
  An ice dragon (D:14)
  A vault guard (D:14)
  8 hydras
  An ogre mage (D:15)
  9 two-headed ogres
  2 radroaches (Spider:2)
  4 centaur warriors
  A skeletal warrior (D:14)
  An orb spider (Spider:1)
  A glowing orange brain (D:15)
  A wizard (Gauntlet)
  3 harpies (D:15)
  3 deep elf pyromancers
  8 wolf spiders
  6 manticores
  28 ugly things
  2 merfolk sirens (Lair:3)
  2 moths of wrath
  5 cyclopes
  4 black mambas
  Maurice (D:8)
  A torpor snail (Lair:1)
  8 cane toads
  2 unseen horrors (D:12)
  3 gargoyles (D:12)
  The ghost of CougarLife the Chopper, a novice DsGl (D:5)
  Maggie (D:6)
  5 rime drakes
  Psyche (D:8)
  4 komodo dragons
  2 trolls
  8 hornets
  A wind drake (shapeshifter) (D:13)
  7 polar bears (Lair:5)
  11 tarantellas
  16 slime creatures
  2 merfolk (Lair:3)
  5 blink frogs (Lair:5)
  A dream sheep (Lair:5)
  16 jumping spiders
  9 wyverns
  2 vampires (D:12)
  A shadow (D:11)
  28 yaks
  6 culicivoras (Spider:1)
  A water elemental (D:14)
  12 spriggans (Lair:5)
  2 hogs (shapeshifter)
  3 wraiths (D:12)
  6 basilisks
  A golden eye (Gauntlet)
  26 redbacks
  11 vampire mosquitoes
  A redback (shapeshifter) (D:15)
  A steam dragon (Lair:4)
  An acid dragon (D:9)
  A hell hound (D:13)
  9 water moccasins
  4 ice beasts
  6 orc warriors
  Duvessa (D:7)
  6 black bears
  39 wolves
  4 boggarts (Lair:5)
  7 ogres
  3 centaurs (D:14)
  5 kobold brigands
  2 phantoms
  Blork the orc (D:4)
  A scorpion (D:7)
  15 bullfrogs
  2 gnoll sergeants
  5 wights (D:10)
  Dowan (D:7)
  13 killer bees
  5 howler monkeys
  2 hounds
  A gnoll bouda (D:9)
  10 orc priests
  3 jellies
  An iguana (D:5)
  16 orc wizards
  11 hell rats
  Robin (D:4)
  11 gnolls
  10 adders
  3 shadow imps
  3 white imps
  An ufetubus (D:5)
  3 worms
  43 orcs
  7 ball pythons
  7 bats
  6 endoplasms
  3 giant cockroaches
  15 goblins
  9 hobgoblins
  3 jackals (D:4)
  5 quokkas
  22 kobolds
  2 rats
636 creatures vanquished.

Vanquished Creatures (collateral kills)
  A yak (Lair:1)
  A black bear (D:8)
  A kobold brigand (D:8)
  3 bullfrogs
  2 killer bees (D:8)
  An orc (D:8)
  A kobold (D:8)
10 creatures vanquished.

Vanquished Creatures (others)
  Aizul (Spider:3)
  A boulder beetle (Spider:3)
  A meliai (Spider:3)
  A wyvern zombie (Lair:1)
  A quokka (D:10)
  55 fungi
  49 plants
  2 starspawn tentacles (Spider:3)
111 creatures vanquished.

Grand Total: 757 creatures vanquished

Notes
Turn   | Place    | Note
-------+----------+-------------------------------------------
     0 | Abyss:1  | porpoise the Formicid Abyssal Knight began the quest for
                  | the Orb.
     0 | Abyss:1  | Reached XP level 1. HP: 18/18 MP: 2/2
     1 | D:1      | Escaped the Abyss
   154 | D:1      | Reached XP level 2. HP: 24/24 MP: 3/3
   368 | D:1      | Found a faded altar of an unknown god.
   615 | D:1      | Reached XP level 3. HP: 30/30 MP: 4/4
   636 | D:1      | Reached skill level 3 in Polearms
  1191 | D:2      | Reached XP level 4. HP: 34/37 MP: 5/5
  1200 | D:2      | Reached *** piety under Lugonu
  2427 | D:4      | Noticed Blork the orc
  2439 | D:4      | Killed Blork the orc
  2440 | D:4      | Reached skill level 4 in Polearms
  2440 | D:4      | Reached XP level 5. HP: 37/43 MP: 6/6
  2450 | D:4      | Noticed an ogre
  2457 | D:4      | Killed an ogre
  2458 | D:4      | Reached skill level 5 in Polearms
  2458 | D:4      | Reached XP level 6. HP: 30/50 MP: 7/7
  2580 | D:4      | Found Quvostr Vaxt's General Store.
  2669 | D:4      | Reached skill level 5 in Fighting
  3344 | D:4      | Noticed Robin
  3374 | D:4      | Killed Robin
  3374 | D:4      | Reached **** piety under Lugonu
  3885 | D:5      | Entered Level 5 of the Dungeon
  3885 | D:5      | Noticed an ogre
  3888 | D:5      | Killed an ogre
  3889 | D:5      | Reached skill level 6 in Polearms
  3889 | D:5      | Reached XP level 7. HP: 33/56 MP: 8/8
  4045 | D:5      | HP: 2/56 [ice beast (11)]
  4511 | D:5      | Found a staircase to the Ecumenical Temple.
  4534 | D:5      | Reached skill level 7 in Polearms
  4534 | D:5      | Reached XP level 8. HP: 64/64 MP: 9/9
  4709 | D:5      | Found Pashit's Weapon Emporium.
  4863 | D:5      | Found a stormy altar of Qazlal.
  5317 | D:5      | Found a runed translucent gate.
  5317 | D:5      | Found a runed translucent gate.
  5317 | D:5      | Found a runed translucent gate.
  5318 | D:5      | Noticed CougarLife's ghost (novice DsGl)
  5354 | D:5      | Killed CougarLife's ghost
  5355 | D:5      | Reached skill level 8 in Polearms
  5791 | D:6      | Reached XP level 9. HP: 55/72 MP: 10/10
  5798 | D:6      | Found an ancient bone altar of Kikubaaqudgha.
  5883 | D:6      | Noticed Maggie
  5899 | D:6      | Killed Maggie
  5900 | D:6      | Reached skill level 9 in Polearms
  5988 | D:6      | Found Wytonuj's Weapon Shop.
  6791 | D:6      | Reached skill level 10 in Polearms
  7252 | D:7      | Reached skill level 5 in Invocations
  7331 | D:7      | Reached skill level 5 in Armour
  7398 | D:7      | Reached XP level 10. HP: 76/79 MP: 13/13
  7771 | D:7      | Noticed Duvessa
  7771 | D:7      | Noticed Dowan
  7778 | D:7      | Killed Duvessa
  7793 | D:7      | Killed Dowan
  8030 | D:8      | Noticed Maurice
  8051 | D:8      | Killed Maurice
  8241 | D:8      | Noticed Psyche
  8252 | D:8      | Killed Psyche
  8253 | D:8      | Reached skill level 11 in Polearms
  8769 | D:8      | Noticed a komodo dragon
  8787 | D:8      | Killed a komodo dragon
  9234 | D:8      | Found a staircase to the Lair.
  9741 | D:8      | Reached skill level 1 in Evocations
 10007 | D:8      | Reached skill level 12 in Polearms
 10013 | D:8      | Reached XP level 11. HP: 38/84 MP: 16/16
 10371 | D:8      | Reached ***** piety under Lugonu
 10372 | D:8      | Reached skill level 1 in Shields
 10868 | D:9      | Found a staircase to the Orcish Mines.
 11075 | D:9      | Noticed a two-headed ogre
 11091 | D:9      | Killed a two-headed ogre
 11357 | D:9      | Found an opulent altar of Gozag.
 11855 | D:10     | Entered Level 10 of the Dungeon
 11977 | D:10     | Reached skill level 13 in Polearms
 12007 | D:10     | Noticed a two-headed ogre
 12016 | D:10     | Killed a two-headed ogre
 12068 | D:10     | Found a white marble altar of Elyvilon.
 12159 | D:10     | Reached skill level 5 in Shields
 12493 | D:10     | Found Bietzer's Antique Weapon Boutique.
 12503 | D:10     | Bought a runed halberd for 189 gold pieces
 12556 | D:10     | Found a basalt altar of Yredelemnul.
 12598 | D:10     | Found a shimmering blue altar of Sif Muna.
 12598 | D:10     | Found a shadowy altar of Dithmenos.
 12605 | D:10     | Reached skill level 5 in Evocations
 12625 | D:10     | Noticed a two-headed ogre
 12635 | D:10     | Killed a two-headed ogre
 13447 | Lair:1   | Entered Level 1 of the Lair of Beasts
 13463 | Lair:1   | Reached XP level 12. HP: 86/91 MP: 17/17
 13576 | Lair:1   | Reached skill level 14 in Polearms
 13787 | Lair:1   | Found a burning altar of Makhleb.
 13847 | Lair:1   | Found a gate leading to a gauntlet.
 13866 | Gauntlet | Entered a Gauntlet
 13866 | Gauntlet | Found a transporter.
 13866 | Gauntlet | Found a transporter.
 13867 | Gauntlet | Noticed a catoblepas
 13884 | Gauntlet | Found a transporter.
 13888 | Gauntlet | Found a transporter.
 13892 | Gauntlet | Found a runed translucent door.
 13892 | Gauntlet | Found a runed translucent door.
 13896 | Gauntlet | Found a transporter.
 13900 | Gauntlet | Found a transporter.
 13908 | Gauntlet | Found a transporter.
 13924 | Gauntlet | Found a transporter.
 13940 | Gauntlet | Found a transporter.
 13943 | Gauntlet | Found a transporter.
 13943 | Gauntlet | Noticed a great orb of eyes
 13951 | Gauntlet | Found a transporter.
 13955 | Gauntlet | Found a transporter.
 14046 | Gauntlet | Noticed an alligator
 14059 | Gauntlet | Noticed a quicksilver ooze
 14059 | Gauntlet | an alligator changed into a quicksilver ooze
 14117 | Gauntlet | Noticed a bunyip
 14126 | Gauntlet | Noticed an ettin
 14126 | Gauntlet | a bunyip changed into an ettin
 14151 | Gauntlet | Noticed a boulder beetle
 14151 | Gauntlet | an ettin changed into a boulder beetle
 14178 | Gauntlet | Identified the ring of Nobility {Str+5 Int-5 Dex+5 SInv}
 14180 | Gauntlet | Noticed a sixfirhy
 14315 | Gauntlet | Noticed a minotaur
 14324 | Gauntlet | Killed a minotaur
 14397 | Gauntlet | Got Taenunu's Volume of Flamy Fascination
 14411 | Gauntlet | Identified the +2 pair of gloves of Vlad {rElec Str+2}
 14411 | Gauntlet | Identified the +2 arbalest of Wushyrgha {freeze, Int+4
                  | Dex+2}
 14742 | Lair:1   | Reached skill level 1 in Dodging
 16370 | Lair:3   | Found a staircase to the Shoals.
 16405 | Lair:3   | Reached XP level 13. HP: 31/99 MP: 19/19
 16726 | Lair:3   | Noticed a four-headed hydra
 16733 | Lair:3   | Killed a four-headed hydra
 16784 | Lair:3   | Noticed a seven-headed hydra
 16792 | Lair:3   | Killed a seven-headed hydra
 16839 | Lair:3   | Reached skill level 15 in Polearms
 17035 | Lair:3   | Identified the +1 leather armour of the Guilds {Str+2}
 17067 | Lair:3   | Found a hole to the Spider Nest.
 18235 | Lair:5   | Entered Level 5 of the Lair of Beasts
 18280 | Lair:4   | Reached ****** piety under Lugonu
 18447 | Lair:4   | Reached skill level 5 in Dodging
 18559 | Lair:5   | Reached skill level 10 in Fighting
 18599 | Lair:5   | Found a staircase to the Slime Pits.
 18600 | Lair:5   | Found a viscous altar of Jiyva.
 18726 | Lair:5   | Noticed FastidiousMonk's ghost (journeyman MiBe)
 18733 | Lair:5   | Found a transporter.
 19897 | Lair:5   | Reached XP level 14. HP: 113/113 MP: 20/20
 20109 | Lair:5   | Found a transporter.
 20906 | D:11     | Reached skill level 16 in Polearms
 21049 | D:11     | Found a transporter.
 21050 | D:11     | Found a transporter.
 21060 | D:11     | Found a transporter.
 21067 | D:11     | Found a transporter.
 21077 | D:11     | Found a transporter.
 21085 | D:11     | Found a transporter.
 21521 | D:12     | Found Edorphelu's Book Shoppe.
 21594 | D:12     | Noticed Frances
 21609 | D:12     | Killed Frances
 22014 | D:12     | Found Wasseq's Jewellery Shoppe.
 22018 | D:12     | Found Qide's Armour Shop.
 22198 | D:12     | Bought a scarf of resistance for 448 gold pieces
 22294 | D:12     | Found Voik's Armour Shop.
 22492 | D:12     | Found Afid's Magic Scroll Boutique.
 22552 | D:12     | Bought a scroll of fear for 56 gold pieces
 22552 | D:12     | Bought a scroll of fear for 56 gold pieces
 23400 | D:13     | Reached skill level 10 in Invocations
 24077 | D:14     | Identified the +1 robe of Trial and Error {rF+ Will+ Int-5}
 24316 | D:14     | Found Puafrul's Superior Scales.
 24536 | D:13     | Reached XP level 15. HP: 54/120 MP: 22/22
 25344 | D:14     | Reached skill level 17 in Polearms
 25952 | D:14     | Found a gate to the Vaults.
 26301 | D:15     | Entered Level 15 of the Dungeon
 26627 | D:15     | Found a staircase to the Depths.
 26892 | D:15     | Reached XP level 16. HP: 95/127 MP: 25/25
 27661 | Spider:1 | Entered Level 1 of the Spider Nest
 27732 | Spider:1 | Reached skill level 18 in Polearms
 27737 | Spider:1 | Reached skill level 10 in Shields
 29163 | Spider:2 | Noticed an emperor scorpion
 29175 | Spider:1 | Killed an emperor scorpion
 29797 | Spider:2 | Noticed Jorgrun
 29816 | Spider:2 | You fall into a shaft and drop 1 floor!
 29817 | Spider:3 | Noticed Aizul
 29821 | Spider:3 | Corrupted Spider:3
 29821 | Spider:3 | Noticed Mlioglotl
 29821 | Spider:3 | Noticed a bone dragon
 29829 | Spider:3 | Noticed a tentacled starspawn
 29829 | Spider:3 | Killed Aizul
 29830 | Spider:3 | Slain by a bone dragon

Illustrated notes

Levels and vault maps discovered:
D:1:      ncdulo_halloftheorcs, layout_loops_ring,
          chequers_ecumenical_altar_island
D:2:      layout_basic
D:3:      layout_loops_cross
D:4:      layout_basic, serial_shops, shop_statue, kennysheep_generic_room_9,
          uniq_robin, uniq_blork_the_orc
D:5:      layout_basic, nicolae_qazlal_eye_of_the_storm,
          minmay_temple_entry_arrows, ebering_ghost_rock_garden, serial_shops,
          nicolae_shop_bloodbath_and_beyond, lemuel_flamethrower_1
D:6:      layout_cave_pools, kiku_gazebo_pond_becter, serial_shops, shop,
          uniq_maggie
D:7:      layout_loops_cross, hangedman_decor_points, uniq_duvessa
D:8:      layout_rooms, due_lair_maze_entry_diamond, uniq_psyche, uniq_maurice
D:9:      layout_long_grid, grunt_gozag_breadcrumbs, erik_orc_3, st_stairs_5
D:10:     layout_layer_cave, elyvilon_altar_4, grunt_temple_overflow_open,
          serial_shops, nicolae_shop_trees
D:11:     layout_basic, serial_nicolae_subway, nicolae_sub_station_crystal,
          nicolae_sub_station_stone, nicolae_sub_station_metal
D:12:     layout_long_grid, serial_shops, nicolae_shop_hallway_stairs,
          shop_scrolls, nicolae_diamond_shop, shop, nicolae_shop_stone,
          uniq_frances
D:13:     layout_rooms
D:14:     layout_layer_cave, david_vaults_5, special_room
          [special_room_mythical_zoo], serial_bayou_ford_a, hellmonk_scale_shop
D:15:     gammafunk_enter_depths_forms, layout_rooms, dk_noncrumbling_3,
          hangedman_decor_slide_cut
Lair:1:   layout_small_grid, gauntlet_entry_generic, basic_altar,
          chequers_serial_rivers_marsh, ldierk_geyser, st_stairs_3
Lair:2:   statuecave_lemuel, layout_layer_cave
Lair:3:   layout_roguey, elwin_shoals_entry_stream, dummy_spider_entry
Lair:4:   layout_loops_ring
Lair:5:   minmay_lair_end_enchanted_forest, layout_concentric_octagons,
          slime_entry_1, gammafunk_ghost_arena
Spider:1: layout_cave_pods
Spider:2: layout_spider_delve, beargit_elvish_explorers, uniq_jorgrun
Spider:3: layout_spider_delve, ebering_ghost_rock_garden, uniq_aizul,
          uniq_mlioglotl

Skill      XL: |  1  2  3  4  5  6  7  8  9 10 11 12 13 14 15 16 |
---------------+-------------------------------------------------+-----
Polearms       | 3 4 5 6 7 8 10 12 13 14 15 16 17 18 | 18.4
Fighting       | 4 5 6 7 8 11 12 | 12.9
Armour         | 5 7 8 9 |  9.0
Invocations    | 5 7 9 10 12 | 12.0
Evocations     | 1 5 7 8 9 |  9.0
Shields        | 5 7 9 11 | 11.6
Dodging        | 3 5 7 |  7.0

Action                   |  1- 3 |  4- 6 |  7- 9 | 10-12 | 13-15 | 16-18 || total
-------------------------+-------+-------+-------+-------+-------+-------++-------
Melee: Spear             |    77 |    74 |       |       |       |       ||   151
       Glaive            |       |     7 |       |   118 |   848 |   245 ||  1218
       Punch             |       |     4 |     3 |       |       |       ||     7
       Halberd           |       |   135 |   279 |   571 |       |       ||   985
       Trident           |       |       |       |       |    36 |       ||    36
 Fire: Arbalest          |       |       |       |     6 |    42 |       ||    48
       Longbow           |       |       |       |       |       |    11 ||    11
Throw: Dart              |       |     2 |    25 |    61 |     7 |     1 ||    96
Invok: Banish            |       |       |       |     2 |       |     1 ||     3
       Corrupt           |       |       |       |       |       |     1 ||     1
 Abil: Dig               |       |       |       |     5 |       |       ||     5
       Shaft Self        |       |       |       |       |       |     1 ||     1
Evoke: Wand              |       |       |     5 |     4 |     2 |       ||    11
  Use: Scroll            |       |    10 |     5 |    13 |     1 |     2 ||    31
       Potion            |       |       |     7 |     1 |     3 |     1 ||    12
 Stab: Sleeping          |     2 |     2 |       |     2 |     6 |     1 ||    13
       Distracted        |       |       |       |     2 |     2 |     1 ||     5
       Confused          |       |       |       |     1 |       |       ||     1
       Invisible         |       |       |       |       |     3 |       ||     3
Armor: Leather armour    |    13 |     3 |       |       |       |       ||    16
       Ring mail         |       |    25 |    34 |       |       |       ||    59
       Swamp dragon scal |       |       |    24 |   207 |   240 |    90 ||   561
Dodge: Dodged            |    29 |   105 |   200 |   378 |   531 |   177 ||  1420
Block: Buckler           |       |       |       |   123 |   302 |   131 ||   556
